 Dungeon Crawl Stone Soup version 0.31.0-9-g3a7656b989 (webtiles) character file.

Game seed: 6882160269498947925

247 qw the Shooter (level 5, -13/25 (26) HPs)
             Began as a Spriggan Hunter on Feb 2, 2024.
             Mangled by a hell rat (16 damage)
             ... in a sewer.
             The game lasted 00:00:09 (2185 turns).

qw the Shooter (Spriggan Hunter)                    Turns: 2185, Time: 00:00:09

HP:   -13/25 (26)   AC:  6    Str:  7    XL:     5   Next: 85%
MP:   6/6           EV: 20    Int: 11    God:
Gold: 77            SH:  0    Dex: 20    Spells: 4/4 levels left

rFire   . . .        a - +0 shortbow
rCold   . . .        (shield currently unavailable)
rNeg    . . .        c - +0 robe
rPois   +            (helmet restricted)
rElec   .            (no cloak)
rCorr   .            (gloves unavailable)
SInv    +            (boots unavailable)
Will    .....        (no amulet)
Stlth   +            h - +4 ring of protection
HPRegen 0.24/turn    g - ring of poison resistance
MPRegen 0.10/turn

%: no passive effects
@: lightly drained, slow
A: very small, no large weapons, unfitting armour, see invisible, speed 3
a: no special abilities


You were in a sewer.
You visited 1 branch of the dungeon, and saw 3 of its levels.
You also visited: Sewer.

You collected 77 gold pieces.


Innate Abilities, Weirdness & Mutations

You are very small and have problems with some larger weapons.
You are too small for most types of armour.
You have supernaturally acute eyesight. (SInv)
You cover ground extremely quickly. (Speed+++)


   Skills:
 - Level 2.0 Fighting
 - Level 6.0 Ranged Weapons
 + Level 5.4 Dodging
 - Level 1.5 Stealth


You had 4 spell levels left.
You didn't know any spells.
Your spell library was empty.

Inventory:

Hand Weapons
 a - a +0 shortbow (weapon)
Armour
 c - a +0 robe (worn)
Jewellery
 g - a ring of poison resistance (right hand)
 h - a +4 ring of protection (left hand)
 Y - a ring of resist corrosion
Potions
 d - 2 potions of haste
 e - a potion of lignification {unknown}
 f - a potion of brilliance {unknown}
 j - a potion of magic {unknown}
 k - a potion of ambrosia {unknown}

Dungeon Overview and Level Annotations

Branches:
Dungeon (3/15)              Sewer (1/1)

Altars:


Message History

You enter the shallow water.
Moving in this stuff is going to be slow.
You enter the shallow water.
Moving in this stuff is going to be slow.
You open the door.
A hell rat comes into view.
The hell rat roars deafeningly!
Found five items.
Found a gate leading back out of this place.
You shoot an arrow.
The arrow hits the hell rat but does no damage.
You shoot an arrow. The arrow hits the hell rat.
The hell rat is moderately wounded.
You shoot an arrow. The arrow closely misses the hell rat.
The hell rat misses you.
You shoot an arrow. The arrow closely misses the hell rat.
The hell rat completely misses you.
You shoot an arrow. The arrow closely misses the hell rat.
The hell rat misses you. The hell rat bites you!
You feel drained.
You shoot an arrow. The arrow closely misses the hell rat.
The hell rat barely misses you.
You shoot an arrow. The arrow hits the hell rat.
The hell rat is heavily wounded.
The hell rat bites you!
You shoot an arrow.
The arrow hits the hell rat but does no damage.
The hell rat is heavily wounded.
The hell rat completely misses you. The hell rat misses you.
You shoot an arrow. The arrow hits the hell rat!
The hell rat is almost dead.
The hell rat misses you.
You shoot an arrow. The arrow hits the hell rat.
The hell rat is almost dead.
The hell rat misses you.
You shoot an arrow. The arrow closely misses the hell rat.
The hell rat barely misses you.
You shoot an arrow. The arrow closely misses the hell rat.
The hell rat misses you. The hell rat bites you!
Ouch! That really hurt!
You die...

...~~~. ##~.
~~~## #~.~
~.~# ##..
##~.## #~.~
~~#~~~# #~~#
~~$##~.#
#~~#~~~??#.%#
#~@r~~~?\#\\#
#~.#~~~!!#%%#
#.~##~.!##~~#
#...# .~#~~.#
##~~## ##~~##
#~..###..~#
##~.~.~~~##
#~~.....#
###~..###


You could see a hell rat.

Vanquished Creatures
  A hound (D:2)
  An orc priest (D:3)
  Terence (D:2)
  An orc wizard (D:3)
  4 adders
  3 river rats
  2 ribbon worms
  A dart slug (D:1)
  4 orcs (D:3)
  7 ball pythons
  5 endoplasms
  3 giant cockroaches
  5 goblins
  3 hobgoblins
  A quokka (D:3)
  5 bats
  3 frilled lizards
  6 kobolds
  15 rats
71 creatures vanquished.

Notes
Turn   | Place    | Note
-------+----------+-------------------------------------------
     0 | D:1      | qw the Spriggan Hunter began the quest for the Orb.
     0 | D:1      | Reached XP level 1. HP: 10/10 MP: 2/2
     0 | D:1      | 0 ||| qw: Version: 0.3-a-155-g5e7d8dd
     0 | D:1      | 0 ||| qw: Game counter: 1726
     0 | D:1      | 0 ||| qw: Melee chars always use a shield: true
     0 | D:1      | 0 ||| qw: God list: Okawaru
     0 | D:1      | 0 ||| qw: Allow faded altars: false
     0 | D:1      | 0 ||| qw: Do Orc after clearing Dungeon:15 true
     0 | D:1      | 0 ||| qw: Do second Lair branch before Depths: true
     0 | D:1      | 0 ||| qw: Lair rune preference: random
     0 | D:1      | 0 ||| qw: Goals: Normal
     0 | D:1      | 0 ||| PLANNING D:1-11
    61 | D:1      | Reached skill level 3 in Dodging
   203 | D:1      | Reached XP level 2. HP: 13/14 MP: 3/3
   932 | D:1      | 932 ||| UPGRADING to ring of resist corrosion.
   933 | D:1      | 933 ||| UPGRADING to ring of poison resistance.
   934 | D:1      | 934 ||| READING scroll labelled NEL ESODIJUNK.
   935 | D:1      | 935 ||| READING 2 scrolls labelled ARYURE OQUSOLUS.
   935 | D:1      | 935 ||| IDENTIFYING yellow potion
   936 | D:1      | 936 ||| READING scroll of identify.
   936 | D:1      | 936 ||| IDENTIFYING clear potion
   937 | D:1      | 937 ||| READING scroll labelled BAGIRU VUIPU.
   938 | D:1      | 938 ||| DROPPING scroll of butterflies.
   939 | D:1      | 939 ||| DROPPING potion of berserk rage.
  1011 | D:2      | Reached XP level 3. HP: 18/18 MP: 4/4
  1153 | D:2      | Reached skill level 5 in Ranged Weapons
  1153 | D:2      | Reached XP level 4. HP: 22/22 MP: 5/5
  1316 | D:2      | 1316 ||| FLEEEEING.
  1330 | D:2      | 1330 ||| FLEEEEING.
  1331 | D:2      | 1331 ||| FLEEEEING.
  1466 | D:2      | Noticed Terence
  1477 | D:2      | Killed Terence
  1623 | D:2      | 1623 ||| UPGRADING to +4 ring of protection.
  1625 | D:2      | 1625 ||| READING scroll labelled ILLURU OFAU.
  1648 | D:3      | 1648 ||| PLANNING SEWER
  1744 | D:3      | Found a faded altar of an unknown god.
  1862 | D:3      | Reached XP level 5. HP: 26/26 MP: 6/6
  2011 | D:3      | Found a glowing drain.
  2012 | D:3      | 2012 ||| READING scroll labelled VAFOAR KIL.
  2029 | D:3      | Reached skill level 6 in Ranged Weapons
  2136 | Sewer    | Entered a sewer
  2180 | Sewer    | HP: 1/25 [hell rat (9)]
  2185 | Sewer    | Mangled by a hell rat

Levels and vault maps discovered:
D:1:      hellmonk_arrival_library, layout_basic
D:2:      layout_basic, uniq_terence
D:3:      minmay_goblin_kobold_castle, layout_loops_cross,
          nicolae_overflow_ecumenical_swirl, shapermc_ecumenical_altar_pompeii,
          portal_sewer_entry_b, minmay_misc_feat_enclosed, st_stairs_2,
          item_on_display_a
Sewer:    sewer_hellmonk_bad_rat

Skill      XL: |  1  2  3  4  5 |
---------------+----------------+-----
Dodging        | 3 4 5 |  5.4
Ranged Weapons | 5 6 |  6.0
Fighting       | 2 |  2.0
Stealth        | |  1.5

Action                     |  1- 3 |  4- 6 || total
---------------------------+-------+-------++-------
   Fire: Shortbow          |    92 |   133 ||   225
    Use: Scroll            |     4 |     2 ||     6
 Armour: Robe              |     4 |    18 ||    22
  Dodge: Dodged            |    35 |    57 ||    92

Table legend:
 A = Non-vault XP
 B = Vault XP
 C = Vault XP percentage of total XP
 D = Non-vault monster count
 E = Vault monster count
 F = Vault count percentage of total count
                 A         B        C        D         E       F
            +---------+---------+-------+---------+---------+-------
      Total |     259 |      95 |  26.8 |      53 |      18 |  25.4
            +---------+---------+-------+---------+---------+-------
        D:1 |      37 |       0 |   0.0 |      24 |       0 |   0.0
        D:2 |     105 |      36 |  25.5 |      16 |       1 |   5.9
        D:3 |     117 |      27 |  18.8 |      13 |      10 |  43.5
      Sewer |       0 |      32 | 100.0 |       0 |       7 | 100.0
            +---------+---------+-------+---------+---------+-------
